[Event "FIDE U16 Olympiad_boards_1-80"]
[Site "Eindhoven, Netherlands"]
[Date "2023.08.14"]
[Round "2.77"]
[White "Bogdanov, Artyom"]
[Black "Chunsukon, Viritpol"]
[Result "1-0"]
[TimeControl "2700+10"]
[WhiteElo "1852"]
[BlackElo "1542"]

1. e4 e6 2. d4 d5 3. Nd2 a6 4. Bd3 c5 5. dxc5 Bxc5 6. Ngf3 Nf6 7. Qe2 Nc6 8. a3 O-O 9.
O-O Re8 10. e5 Nd7 11. Nb3 Be7 12. c3 Qc7 13. Re1 f6 14. Nfd4 Qxe5 15. Qd1 Qd6 16. Rxe6 Qc7 17. Qh5 g6 18.
Bxg6 Nf8 19. Bf7+ Kh8 20. Rxc6 bxc6 21. Bxe8 Bg4 22. Qf7 c5 23. Bh6 cxd4 24. Bg7# 1-0

[Event "FIDE U16 Olympiad_boards_1-80"]
[Site "Eindhoven, Netherlands"]
[Date "2023.08.14"]
[Round "2.78"]
[White "Chiravanich, Pathee"]
[Black "Smirnov, Mark"]
[Result "0-1"]
[TimeControl "2700+10"]
[WhiteElo "1523"]
[BlackElo "1936"]

1. e4 c5 2. Nf3 Nc6 3. Bb5 g6 4. O-O Bg7 5. Re1 e5 6. d3 Nge7 7. Nc3 O-O 8. Be3 d6 9. h3 a6 10. Bxc6 Nxc6 11. Qd2 f5 12.
Bh6 f4 13. Bxg7 Kxg7 14. Ne2 g5 15.
Nh2 h5 16. c3 g4 17. hxg4 hxg4 18. Rad1 Qh4 19. d4 Rh8 20. dxe5 Qxh2+ 21. Kf1 f3 22. Qg5+ Kh7 23. gxf3 gxf3 24.
Nf4 Qh1+ 25. Qg1 Bh3+ 0-1

[Event "FIDE U16 Olympiad_boards_1-80"]
[Site "Eindhoven, Netherlands"]
[Date "2023.08.14"]
[Round "2.79"]
[White "Kuandykuly, Danis"]
[Black "Jitwichian, Pataradit"]
[Result "1/2-1/2"]
[TimeControl "2700+10"]
[WhiteElo "1738"]
[BlackElo "1229"]

1. e4 e6 2. d4 d5 3. Nd2 c5 4. exd5 exd5 5. Ngf3 Nc6 6. Bb5 Nf6 7. O-O Be7 8. dxc5 Bxc5 9. Nb3 Be7 10. Ne5 Bd7 11. Bxc6 Bxc6 12.
Be3 O-O 13. c3 Bd6 14. Nf3 h6 15. Bc5 Bxc5 16. Nxc5 Qd6 17. Nd3 Rfe8 18. Nd4 Bd7 19. Qd2 Ne4 20. Qf4 Qxf4 21. Nxf4 Bc6 22.
Rad1 Rad8 23. Nf5 Re5 24. Ne3 g5 25. Ne2 Nxf2 26. Kxf2 Rde8 27. Rd3 Bb5 28. Rfd1 Bxd3 29. Rxd3 f5 30. Nd4 Rf8 31. Nf3 Re6 32.
Nxd5 g4 33. Nd4 Re5 34. Nf4 Kf7 35. Nc2 Rfe8 36. g3 R8e7 37. Rd6 Kg7 38. Nd4 Ra5 39. a3 Rf7 40. c4 Ra6 41. Rxa6 bxa6 42. c5 Kf6 43. Nc6 Rd7 44. Ke2 Kg5 45. b4 h5 46.
Na5 Kf6 47. c6 Rd8 1/2-1/2

[Event "FIDE U16 Olympiad_boards_1-80"]
[Site "Eindhoven, Netherlands"]
[Date "2023.08.14"]
[Round "2.80"]
[White "Kaewwattha, Natrada"]
[Black "Kholyavko, Mariya"]
[Result "0-1"]
[TimeControl "2700+10"]
[WhiteElo "1414"]
[BlackElo "1757"]

1. e4 c5 2. c3 Nf6 3. e5 Nd5 4. d4 cxd4 5. cxd4 d6 6. Nf3 Nc6 7. Bc4 Nb6 8. Bb5 dxe5 9. Nxe5 Bd7 10.
Nxc6 bxc6 11. Bd3 g6 12. Nd2 Bg7 13. Nb3 Be6 14. Nc5 Bd5 15. Qg4 h5 16. Qg3 Bxd4 17. Na6 Rc8 18. Nb4 Bc4 19.
Bxc4 Nxc4 20. Qb3 Nd6 21. Be3 Bxe3 22. Qxe3 Qb6 23. Qc3 O-O 24. O-O Rfd8 25. Rac1 Ne4 26. Qa3 Rd2 27. Nd3 Qd4 28.
Rcd1 Rd8 29. Rxd2 Nxd2 0-1